 Dungeon Crawl Stone Soup version 0.30-a0-691-g754fce4c43 (webtiles) character file.

Game seed: 12106139693683243746

5222 testman the Trooper (level 10, -4/79 HPs)
             Began as a Demonspawn Cinder Acolyte on Jan 19, 2023.
             Was a Follower of Ignis.
             Slain by a warg (7 damage)
             ... on level 8 of the Dungeon.
             The game lasted 00:42:44 (9331 turns).

testman the Trooper (Demonspawn Cinder Acolyte)     Turns: 9331, Time: 00:42:44

Health: -4/79      AC: 16    Str: 14    XL:     10   Next: 35%
Magic:  8/19       EV: 12    Int: 19    God:    Ignis [*.....]
Gold:   219        SH:  0    Dex: 12    Spells: 1/21 levels left

rFire   + . .      SeeInvis +    t - +1 falchion (elec)
rCold   . . .      Faith    .    (no shield)
rNeg    + . .      Spirit   .    J - +1 robe {rN+}
rPois   .          Reflect  .    h - +2 helmet
rElec   .          Harm     .    (no cloak)
rCorr   +          Rampage  .    (no gloves)
Will    .....                    E - +2 pair of boots
Stlth   ++                       (no amulet)
HPRegen 0.33/turn                d - ring of resist corrosion
MPRegen 0.16/turn                l - ring of see invisible

@: swift, fiery-armoured, very quick
A: claws 1, thin skeletal structure 1, demonic guardian 1, icemail 1,
condensation shield
a: Renounce Religion, Fiery Armour, Foxfire Swarm, Rising Flame


You were on level 8 of the Dungeon.
You worshipped Ignis.
Ignis was aware of your devotion.
You visited 2 branches of the dungeon, and saw 9 of its levels.
You also visited: Sewer and Ossuary.

You collected 555 gold pieces.
You spent 336 gold pieces at shops.

Inventory:

Hand Weapons
 a - a -1 falchion of flaming
 b - a +1 short sword of draining
 t - a +1 falchion of electrocution (weapon)
 I - a +0 scimitar
Missiles
 c - 13 poisoned darts
 i - a curare-tipped dart
 p - 6 javelins
 u - 2 boomerangs
Armour
 h - a +2 helmet (worn)
 E - a +2 pair of boots (worn)
 J - a +1 robe of positive energy (worn)
Jewellery
 d - a ring of resist corrosion (left claw)
 l - a ring of see invisible (right claw)
 D - a ring of flight
Wands
 F - a wand of light (3)
Scrolls
 e - 4 scrolls of poison
 f - a scroll of immolation
 j - 10 scrolls of teleportation
 r - 2 scrolls of fear
 v - 2 scrolls of silence
 x - 3 scrolls of magic mapping
 y - a scroll of enchant weapon
 B - a scroll of vulnerability
 C - 2 scrolls of fog
Potions
 g - 7 potions of curing {unknown}
 k - a potion of brilliance {unknown}
 m - a potion of cancellation {unknown}
 n - 3 potions of might
 o - 3 potions of lignification
 q - a potion of magic {unknown}
 s - 2 potions of mutation
 w - a potion of invisibility {unknown}
 z - 2 potions of haste
 A - a potion of attraction {unknown}
 G - a potion of flight {unknown}
 H - 2 potions of berserk rage


   Skills:
 + Level 7.2 Fighting
 + Level 6.6 Long Blades
 + Level 3.2 Dodging
 + Level 6.1 Spellcasting
 + Level 5.6 Necromancy
 - Level 3.8 Fire Magic
 - Level 3.7 Air Magic
 + Level 5.8 Poison Magic


You had one spell level left.
You knew the following spells:

 Your Spells              Type           Power      Damage    Failure   Level
a - Scorch                Fire           40%        2d7       3%          2
b - Poisonous Vapours     Pois/Air       48%        N/A       2%          2
c - Cigotuvi's Dreadful   Necr/Pois/Air  50%        N/A       1%          2
d - Swiftness             Air            20%        N/A       7%          3
e - Olgreb's Toxic Radia  Pois           27%        N/A       10%         4
f - Dispel Undead         Necr           27%        3d13      11%         4
g - Mephitic Cloud        Conj/Pois/Air  17%        N/A       9%          3

Your spell library contained the following spells:

 Spells                   Type           Power      Damage    Failure   Level
 Sting                    Tmut/Pois      64%        1d6       3%          1
 Ensorcelled Hibernation  Hex/Ice        10%        N/A       17%         2
 Passwall                 Tmut/Erth      4%         N/A       17%         2
 Portal Projectile        Hex/Tloc       10%        N/A       32%         3
 Tukima's Dance           Hex            5%         N/A       32%         3
 Fireball                 Conj/Fire      6%         3d5       80%         5
 Death Channel            Necr           13%        N/A       86%         6
 Blade Hands              Tmut           2%         N/A       97%         5
 Iskenderun's Battlesphe  Conj           5%         2d6       97%         5
 Conjure Ball Lightning   Conj/Air       6%         3x3d6     100%        6
 Orb of Destruction       Conj           2%         9d5       100%        7
 Discord                  Hex            2%         N/A       100%        8
 Disjunction              Tloc           2%         N/A       100%        8


Dungeon Overview and Level Annotations

Branches:
Dungeon (8/15)             Temple (1/1) D:7           Sewer (visited)
Ossuary (visited)
   Lair: D:8-11

Altars:
Ashenzari
Cheibriados
Dithmenos
Fedhas
Gozag
Hepliaklqana
Kikubaaqudgha
Makhleb
Nemelex Xobeh
Okawaru
Qazlal
Ru
Sif Muna
Trog
Uskayaw
Vehumet
Wu Jian
Xom
Yredelemnul

Shops:
D:4 **   D:5 [?   D:7 ?

Annotations:
D:6 2 transporters, ragingrage's ghost, weakling AtDe


Innate Abilities, Weirdness & Mutations

You have sharp fingernails.
You have a somewhat thin skeletal structure. (Dex +2, Stealth+)
A weak demonic guardian rushes to your aid.
A meltable icy envelope protects you from harm. (AC +0)
A meltable shield of frost defends you. (SH +0)


Message History

The orc priest is engulfed in noxious fumes.
The orc priest appears confused.
Okay, then.
A protective cloak of flame settles atop you.
The warg bites you.
* * * LOW HITPOINT WARNING * * *
A demonic guardian appears!
The warg is burned by your cloak of flames.
The warg is lightly wounded.
The warg bites you but does no damage.
The warg is burned by your cloak of flames.
The warg is lightly wounded.
The warg stops to sniff the ground.
The warg barely misses you.
You closely miss the warg.
The warg is lightly wounded.
You kill the orc priest!
The warg closely misses you. The warg bites you!
* * * LOW HITPOINT WARNING * * *
The warg is burned by your cloak of flames.
The warg is moderately wounded.
The warg misses you.
Unknown command.
Okay, then.
Casting: Mephitic Cloud (dangerous; 9% risk of failure)
Confirm with . or Enter, or press ? or * to list all spells.
You feel quick. The warg completely misses you.
Your iron imp hits the warg.
The warg bites you but does no damage.
The warg is burned by your cloak of flames.
The warg is moderately wounded.
The warg attacks as you move away! The warg closely misses you.
The warg attacks as you move away! The warg bites you.
* * * LOW HITPOINT WARNING * * *
The warg is burned by your cloak of flames.
The warg is heavily wounded.
The warg attacks as you move away! The warg barely misses you.
Your iron imp barely misses the warg.
The warg stops to sniff the ground.
The warg attacks as you move away! The warg bites you!
You die...

....##.).# ##.....# ..)..#.).#
##....... ......)..# ###
#........ .........# #.#
#........ .........# #.#
#........ #)))# #####.#
#........ #...###.h...##
#........ #..)..5.##h..####
#........ #.###..##...@....#
##....... #................#
##...... .......#..)......#
#####.# ................))##
#.# ..........#.>.....))###
####.#
.........#.........).####....#
..............[...............
..#........##.....#.#..
##..#######.###...#..


You could see 2 wargs and a friendly iron imp (summoned).

Vanquished Creatures
  An unseen horror zombie (D:7)
  Sigmund (D:6)
  A wyvern (D:6)
  5 yaks (D:5)
  A warg (D:8)
  4 water moccasins
  2 orc warriors
  3 sky beasts
  An ice beast (D:7)
  2 black bears (D:6)
  An ogre (D:4)
  A centaur (D:7)
  2 phantoms
  A kobold brigand (D:8)
  A bullfrog (D:7)
  An elf zombie (Ossuary)
  4 necrophages
  3 wyvern zombies (D:7)
  A water moccasin zombie (D:7)
  2 scorpions (D:7)
  5 wights
  4 howler monkeys
  A centaur zombie (D:7)
  5 jellies
  2 bullfrog zombies (D:7)
  2 hounds
  A gnoll bouda (D:6)
  2 orc priests (D:8)
  5 iguanas
  4 orc wizards
  A killer bee zombie (D:7)
  3 mummies (Ossuary)
  5 gnolls (D:6)
  11 adders
  A river rat (D:4)
  4 white imps
  An ufetubus (D:4)
  3 adder zombies (Ossuary)
  4 worms
  A dart slug (D:5)
  34 orcs
  9 ball pythons
  2 endoplasms
  3 giant cockroaches
  3 goblins
  4 hobgoblins
  9 jackals
  6 quokkas
  5 bats
  2 frilled lizards (D:1)
  4 hobgoblin zombies (Ossuary)
  4 kobolds
  2 kobold zombies (Ossuary)
  2 quokka zombies (Ossuary)
  A rat (D:4)
  4 rat zombies (Ossuary)
197 creatures vanquished.

Vanquished Creatures (collateral kills)
  2 jellies
  An adder (D:2)
  An adder zombie (Ossuary)
  A ball python (D:2)
  An endoplasm (D:1)
  A giant cockroach (D:1)
  A kobold zombie (Ossuary)
8 creatures vanquished.

Vanquished Creatures (others)
  11 plants (D:5)
11 creatures vanquished.

Grand Total: 216 creatures vanquished

Notes
Turn   | Place    | Note
-------+----------+-------------------------------------------
     0 | D:1      | testman the Demonspawn Cinder Acolyte began the quest for
                  | the Orb.
     0 | D:1      | Reached XP level 1. HP: 18/18 MP: 2/2
   214 | D:1      | Gained mutation: A weak demonic guardian rushes to your
                  | aid. [demonic ancestry]
   214 | D:1      | Reached XP level 2. HP: 24/24 MP: 3/3
   516 | D:1      | Found a faded altar of an unknown god.
   920 | D:2      | Reached XP level 3. HP: 26/29 MP: 5/5
   923 | D:2      | Learned a level 2 spell: Scorch
  1358 | D:2      | Gained mutation: You have a somewhat thin skeletal
                  | structure. (Dex +2, Stealth+) [demonic ancestry]
  1358 | D:2      | Reached XP level 4. HP: 35/35 MP: 1/6
  2556 | D:3      | Gained mutation: A meltable shield of frost defends you.
                  | (SH +0) [demonic ancestry]
  2556 | D:3      | Reached XP level 5. HP: 36/42 MP: 8/8
  2970 | D:4      | Found a glowing drain.
  2974 | Sewer    | Entered a sewer
  3025 | Sewer    | Noticed a water moccasin
  3034 | Sewer    | Killed a water moccasin
  3035 | Sewer    | Reached skill level 4 in Fighting
  3160 | D:4      | Reached XP level 6. HP: 37/48 MP: 10/10
  3373 | D:4      | Found Nuecysty's General Store.
  3386 | D:4      | Bought a potion of might for 48 gold pieces
  3386 | D:4      | Bought a scroll of enchant armour for 90 gold pieces
  3386 | D:4      | Bought a scroll of identify for 24 gold pieces
  3428 | D:4      | Reached skill level 1 in Poison Magic
  3472 | D:4      | Found a sand-covered staircase.
  3476 | Ossuary  | Entered an ossuary
  3486 | Ossuary  | Reached skill level 1 in Air Magic
  3874 | D:4      | Found Todghess's Lightly-Used Armoury.
  3927 | D:4      | Reached XP level 7. HP: 52/55 MP: 10/12
  4208 | D:4      | Learned a level 2 spell: Poisonous Vapours
  4582 | D:5      | Entered Level 5 of the Dungeon
  4823 | D:5      | Found Seobot's Magic Scroll Emporium.
  4834 | D:5      | Bought a scroll of identify for 28 gold pieces
  4834 | D:5      | Bought a scroll of identify for 28 gold pieces
  4834 | D:5      | Bought a scroll of identify for 28 gold pieces
  4888 | D:5      | Noticed a yak
  4915 | D:5      | Killed a yak
  4916 | D:5      | Reached skill level 5 in Fighting
  4916 | D:5      | Reached skill level 1 in Necromancy
  5015 | D:5      | Noticed a yak
  5040 | D:5      | Killed a yak
  5041 | D:5      | Gained mutation: A meltable icy envelope protects you from
                  | harm. (AC +0) [demonic ancestry]
  5041 | D:5      | Reached XP level 8. HP: 44/62 MP: 9/13
  5154 | D:5      | Reached skill level 5 in Long Blades
  5310 | D:5      | Found Tanenaga's Dragon-Slaying Spoils.
  6022 | D:6      | Reached XP level 9. HP: 45/69 MP: 9/16
  6031 | D:6      | Reached skill level 6 in Fighting
  6197 | D:6      | Noticed Sigmund
  6504 | D:6      | Learned a level 2 spell: Cigotuvi's Dreadful Rot
  6508 | D:6      | Learned a level 3 spell: Swiftness
  6513 | D:6      | Learned a level 4 spell: Olgreb's Toxic Radiance
  6518 | D:6      | Learned a level 4 spell: Dispel Undead
  6557 | D:6      | Noticed ragingrage's ghost (weakling AtDe)
  6667 | D:6      | Found a transporter.
  6672 | D:6      | Found a transporter.
  6859 | D:6      | Killed Sigmund
  6860 | D:6      | Reached skill level 5 in Spellcasting
  7023 | D:7      | Reached skill level 1 in Dodging
  7457 | D:6      | Reached skill level 5 in Poison Magic
  7762 | D:7      | Found Ciumyero's Magic Scroll Shoppe.
  7784 | D:7      | Bought a scroll of identify for 30 gold pieces
  7784 | D:7      | Bought a scroll of identify for 30 gold pieces
  7784 | D:7      | Bought a scroll of identify for 30 gold pieces
  7828 | D:7      | Reached skill level 5 in Necromancy
  7918 | D:7      | Found a staircase to the Ecumenical Temple.
  7924 | Temple   | Entered the Ecumenical Temple
  8233 | D:7      | Gained mutation: You have sharp fingernails. [demonic
                  | ancestry]
  8233 | D:7      | Reached XP level 10. HP: 62/77 MP: 18/18
  8332 | D:7      | Reached skill level 7 in Fighting
  9070 | D:7      | Learned a level 3 spell: Mephitic Cloud
  9325 | D:8      | HP: 1/79 [warg (3)]
  9331 | D:8      | Slain by a warg

Illustrated notes

Levels and vault maps discovered:
D:1:      amcnicky_arrival_wind_blow, layout_basic,
          chequers_ecumenical_altar_grove, hangedman_decor_opposing,
          bh_walls_and_bars
D:2:      layout_rooms, basic_altar
D:3:      layout_loops_corners, serial_aquarium, aquarium_bridge_long_separate
          [aquarium_subvault_balcony, aquarium_subvault_bridge,
          aquarium_subvault_bridge, aquarium_subvault_bridge,
          aquarium_subvault_wall, aquarium_subvault_bridge],
          aquarium_window_fake, aquarium_window_corner, aquarium_window_1,
          aquarium_window_1, aquarium_view_2d, aquarium_balcony_5b,
          aquarium_pool_side
D:4:      layout_basic, enter_ossuary_5, gup_sewer_entry_bowl, serial_shops,
          nicolae_shop_advertising_works [nicolae_subvault_shop_adworks],
          minmay_shop_damaged, kennysheep_generic_room_14
D:5:      layout_loops_cross, serial_shops, nicolae_shop_window_shopping,
          nicolae_shop_dragon_depot, grunt_decor_mini_mirrors,
          serial_bayou_pond_c, minmay_diced_spiral
D:6:      layout_basic, lemuel_tele_altar, gammafunk_ghost_hive, uniq_sigmund
D:7:      layout_basic, minmay_temple_entry_hall, serial_undead,
          serial_undead_a, serial_undead_d, serial_undead_b, serial_undead_f,
          serial_undead_f, serial_undead_d, serial_undead_b, serial_shops,
          shop_statue, chequers_mini_garden, minmay_increasing_density
D:8:      layout_rooms, erik_lair_orcish_takeover,
          hellmonk_guarded_unrand_staff_of_battle
Temple:   roderic_octagonal_lattice_temple

Skill      XL: |  1  2  3  4  5  6  7  8  9 10 |
---------------+-------------------------------+-----
Long Blades    | 3 4 5 6 |  6.6
Fire Magic     | 3 |  3.8
Spellcasting   | 2 3 4 5 6 |  6.1
Fighting       | 4 5 6 7 |  7.2
Poison Magic   | 1 2 4 5 |  5.8
Air Magic      | 1 2 3 |  3.7
Necromancy     | 1 3 5 |  5.6
Dodging        | 2 3 |  3.2

Action                   |  1- 3 |  4- 6 |  7- 9 | 10-12 || total
-------------------------+-------+-------+-------+-------++-------
Melee: Falchion          |   113 |   199 |   248 |    81 ||   641
       Punch             |     1 |       |     2 |     1 ||     4
Throw: Dart              |     2 |     1 |       |       ||     3
       Boomerang         |       |       |     1 |       ||     1
       Javelin           |       |       |     1 |       ||     1
 Cast: Scorch            |    10 |    11 |    27 |     2 ||    50
       Poisonous Vapours |       |       |    35 |       ||    35
       Dispel Undead     |       |       |     4 |       ||     4
       Olgreb's Toxic Ra |       |       |     3 |     5 ||     8
       Swiftness         |       |       |     2 |     1 ||     3
       Mephitic Cloud    |       |       |       |     1 ||     1
Invok: Fiery Armour      |     2 |     3 |     3 |     2 ||    10
  Use: Potion            |     1 |       |     1 |       ||     2
       Scroll            |       |     7 |    12 |     2 ||    21
 Stab: Sleeping          |       |     2 |     1 |     1 ||     4
       Distracted        |       |     1 |     1 |       ||     2
       Confused          |       |       |       |     1 ||     1
Armor: Robe              |    44 |    49 |   143 |    68 ||   304
Dodge: Dodged            |   105 |   101 |   187 |    71 ||   464
Block: Other             |       |    19 |    51 |    18 ||    88

Table legend: (Time is in decaauts)
 A = Elapsed time spent in this place.
 B = Non-inter-level travel time spent in this place.
 C = Inter-level travel time spent in this place.
 D = Time resting spent in this place.
 E = Time spent auto-exploring this place.
 F = Levels seen in this place.
 G = Mean time per level.
                   A        B        C        D        E       F      G
               +--------+--------+--------+--------+--------+-----+--------+
         Total |   9400 |   9124 |    276 |    917 |   6046 |  11 |  854.5 |
       Dungeon |   8561 |   8305 |    256 |    755 |   5640 |   8 | 1070.1 |
        Temple |    284 |    264 |     20 |      0 |    243 |   1 |  284.0 |
         Sewer |    169 |    169 |      0 |      0 |    108 |   1 |  169.0 |
       Ossuary |    384 |    384 |      0 |    162 |     55 |   1 |  384.0 |
               +--------+--------+--------+--------+--------+-----+--------+

Top non-repeatable levels by time:
     D:5: 1597 daAuts
     D:6: 1324 daAuts
     D:7: 1301 daAuts
     D:3: 1246 daAuts
     D:4: 1197 daAuts
     D:1: 849 daAuts
     D:2: 790 daAuts
 Ossuary: 384 daAuts
  Temple: 284 daAuts
     D:8: 253 daAuts
   Sewer: 169 daAuts
